 Dungeon Crawl Stone Soup version 0.17-a0-1939-ga475588 (webtiles) character file.

579 mcbry74 the Ruffian (level 7, 0/67 HPs)
             Began as a Troll Monk on Sept 29, 2015.
             Was an Initiate of Ru.
             Succumbed to poison (a potion of poison)
             ... on level 5 of the Dungeon.
             The game lasted 00:19:21 (3290 turns).

mcbry74 the Ruffian (Troll Monk)                    Turns: 3290, Time: 00:19:21

Health: 0/67       AC:  5    Str: 19    XL:     7   Next: 13%
Magic:  6/6        EV: 10    Int:  7    God:    Ru [......]
Gold:   268        SH:  0    Dex: 10    Spells: 1 memorised, 4 levels left

rFire  . . .     SeeInvis .       - Unarmed
rCold  . . .     Clarity  +     a - +0 robe
rNeg   . . .     SustAt   .     (no shield)
rPois  .         Gourm    +     (helmet restricted)
rElec  .         Spirit   .     (no cloak)
rCorr  .         Warding  .     (gloves unavailable)
rMut   .         Stasis   .     (boots unavailable)
MR     .....                    g - amulet of clarity
Stlth  ..........               v - ring of ice
                                d - ring of fire

@: lethally poisoned (0 -> -4), not resistant to hostile enchantments, extremely
unstealthy
A: unfitting armour, claws 3, clumsy 1, fast metabolism 3, gourmand,
regeneration 2, shaggy fur 1, tough skin 2, weak 1, no device heal 1, no stealth
a: Renounce Religion


You were on level 5 of the Dungeon.
You worshipped Ru.
Ru was noncommittal.
You were not hungry.

You visited 1 branch of the dungeon, and saw 5 of its levels.

You collected 268 gold pieces.

Inventory:

Hand weapons
 o - a +0 blowgun
Missiles
 c - 8 tomahawks (quivered)
 e - 29 poisoned needles
 i - 4 needles of sleeping
Armour
 a - a +0 robe (worn)
Jewellery
 d - a ring of fire (left claw)
 g - an amulet of clarity (around neck)
 v - a ring of ice (right claw)
Magical devices
 m - a wand of magic darts (13)
 q - a wand of fire (7)
 y - a wand of fireball (6)
Scrolls
 f - 2 scrolls of remove curse
 n - 4 scrolls of identify
 s - a scroll of enchant weapon {unknown}
 u - 2 scrolls of teleportation {unknown}
 w - a scroll of fear {unknown}
Potions
 h - 2 potions of brilliance
 p - a potion of poison
Books
 j - a book of Minor Magic

   Spells                             Type                      Level
   a - Magic Dart                     Conjuration                  1
   b - Blink                          Translocation                2
   c - Call Imp                       Summoning                    2
   d - Repel Missiles                 Charms/Air                   2
   e - Slow                           Hexes                        2
   f - Conjure Flame                  Conjuration/Fire             3
   g - Mephitic Cloud                 Conjuration/Poison/Air       3
 r - a book of Beasts

   Spells                             Type                      Level
   a - Summon Butterflies             Summoning                    1
   b - Call Canine Familiar           Summoning                    3
   c - Summon Ice Beast               Ice/Summoning                4
   d - Summon Mana Viper              Hexes/Summoning              5
   e - Summon Hydra                   Summoning                    7
Comestibles
 b - 4 bread rations
 l - a royal jelly
 t - a slice of pizza
 x - 2 chunks of flesh


   Skills:
 + Level 3.4 Fighting
 + Level 2.5 Throwing
 + Level 3.6 Dodging
 * Level 6.7 Unarmed Combat


You had 4 spell levels left.
You knew the following spells:

 Your Spells              Type           Power        Failure   Level  Hunger
a - Blink                 Tloc           N/A          73%         2    ###....


Dungeon Overview and Level Annotations

Branches:
Dungeon (5/15)
 Temple: D:4-7

Altars:
Gozag
Ru
Xom


Innate Abilities, Weirdness & Mutations

You are too large for most types of armour.
You have claws for hands.
Your metabolism is lightning-fast.
You like to eat raw meat.
You heal very quickly.
You are covered in fur (AC +1).
You have very tough skin (AC +2).
You cannot be stealthy.
You are clumsy. (Dex -2)
You are weak. (Str -2)
Potions and wands are less effective at restoring your health.


Message History

That liquid tasted very nasty...
You are poisoned.
You feel sick. Something hits you.
* * * LOW HITPOINT WARNING * * *
Something shocks you.
* * * LOW HITPOINT WARNING * * *
You closely miss something.
You feel sick. Something hits you.
* * * LOW HITPOINT WARNING * * *
Something shocks you.
* * * LOW HITPOINT WARNING * * *
You scratch something.
Reactivating autopickup.
You have reached level 7!
You feel a bit more experienced.
* * * LOW HITPOINT WARNING * * *
You feel sick.
Drink which item? (? for menu, Esc to quit)
It was a potion of mutation.
You feel extremely strange.
You feel weaker.
You feel clumsy.
Your system partially rejects artificial healing.
You die...

## ####### .####
#.....#######....#
###................# ..
...............#...#....#
...............+.. +....+
...............#'###....#
........#'#####.@.......#
........#.....#.........+
........+.....#.........#
........#.....+.........#
........#...###.........##
......###...#....#'##....#
......#.....#....+..#....#
......#.....#....#..#....#
......#.....'....#..+....#


There were no monsters in sight!

Vanquished Creatures
  A sky beast (D:5)
  2 ogres
  A centaur (D:5)
  An orc priest (D:3)
  2 hounds (D:4)
  A worker ant (D:5)
  4 adders
  3 worms
  2 giant geckos (D:4)
  7 orcs (D:3)
  A ball python (D:1)
  8 goblins
  9 hobgoblins
  7 jackals
  9 kobolds
  2 quokkas
  5 bats
  4 giant cockroaches
  6 giant newts
  6 rats
81 creatures vanquished.

Notes
Turn   | Place    | Note
--------------------------------------------------------------
     0 | D:1      | mcbry74 the Troll Monk began the quest for the Orb.
     0 | D:1      | Reached XP level 1. HP: 22/22 MP: 0/0
    62 | D:1      | Reached XP level 2. HP: 27/29 MP: 1/1
   370 | D:1      | Reached XP level 3. HP: 34/36 MP: 2/2
  1285 | D:3      | Found a faded altar to an unknown god.
  1297 | D:3      | Reached skill level 1 in Throwing
  1304 | D:3      | Reached skill level 5 in Unarmed Combat
  1323 | D:3      | Reached XP level 4. HP: 42/44 MP: 3/3
  1413 | D:3      | Learned a level 2 spell: Blink
  2309 | D:3      | Found a sacrificial altar of Ru.
  2309 | D:3      | Found an opulent altar of Gozag.
  2326 | D:3      | Became a worshipper of Ru the Awakened
  2347 | D:4      | Gained mutation: You cannot be stealthy. [Ru sacrifice]
  2624 | D:4      | Reached XP level 5. HP: 48/52 MP: 4/4
  2812 | D:4      | Noticed an ogre
  2825 | D:4      | Killed an ogre
  2825 | D:4      | Reached XP level 6. HP: 14/61 MP: 5/5
  3015 | D:5      | Entered Level 5 of the Dungeon
  3026 | D:5      | Reached skill level 6 in Unarmed Combat
  3123 | D:5      | Found a shimmering altar of Xom.
  3288 | D:5      | HP: 2/61 [something (6)]
  3289 | D:5      | Reached XP level 7. HP: 2/67 MP: 6/6
  3290 | D:5      | Gained mutation: You are weak. (Str -2) [potion of mutation]
  3290 | D:5      | Gained mutation: You are clumsy. (Dex -2) [potion of mutation]
  3290 | D:5      | Gained mutation: Potions and wands are less effective at restoring your health. [potion of mutation]
  3290 | D:5      | Succumbed to poison (a potion of poison)

Vault maps used:
D:1:      onia_arrival_mini_spirals, st_stairs_3
D:3:      nicolae_overflow_hidden_temple, ecumenical_altar_1, first_bread
D:5:      temple_doors_d, basic_altar

Action                   |  1- 3 |  4- 6 |  7- 9 || total
-------------------------+-------+-------+-------++-------
Melee: Unarmed           |   108 |    93 |       ||   201
Throw: Tomahawk          |    40 |     9 |       ||    49
Invok: Sacrifice Stealth |       |     1 |       ||     1
  Use: Potion            |     1 |     1 |     1 ||     3
       Scroll            |       |     6 |       ||     6
 Stab: Sleeping          |     1 |       |       ||     1
  Eat: Chunk             |    11 |    16 |       ||    27
       Fruit             |       |     1 |       ||     1
